 Dungeon Crawl Stone Soup version 0.24-a0-291-g79c1ce7 (webtiles) character file.

Game seed: 13772943194212633213

30 galech the Skirmisher (level 3, 28/29 HPs)
             Began as a Demonspawn Fighter on May 9, 2019.
             Quit the game on level 1 of the Dungeon.
             The game lasted 00:00:48 (541 turns).

galech the Skirmisher (Demonspawn Fighter)           Turns: 541, Time: 00:00:48

Health: 28/29      AC: 11    Str: 16    XL:     3   Next: 5%
Magic:  3/3        EV:  4    Int:  9    God:
Gold:   31         SH:  9    Dex: 13    Spells: 2/2 levels left

rFire    . . .     SeeInvis .   a - +0 war axe
rCold    . . .     Gourm    .   c - +0 shield
rNeg     . . .     Faith    .   m - +0 chain mail
rPois    .         Spirit   .   (helmet restricted)
rElec    .         Reflect  .   (no cloak)
rCorr    .         Harm     .   (no gloves)
MR       .....                  (no boots)
Stlth    ..........             (no amulet)
HPRegen  0.09/turn              (no ring)
MPRegen  0.08/turn              (no ring)

@: no status effects
A: horns 1, yellow scales 1
a: no special abilities


You were on level 1 of the Dungeon.
You were not hungry.

You visited 1 branch of the dungeon, and saw 1 of its levels.

You collected 31 gold pieces.

Inventory:

Hand Weapons
 a - a +0 war axe (weapon)
Armour
 b - a +0 scale mail
 c - a +0 shield (worn)
 m - a +0 chain mail (worn)
Scrolls
 i - a scroll of teleportation {unknown}
 k - a scroll of amnesia {unknown}
 o - a scroll of remove curse {unknown}
Potions
 d - a potion of might
 e - a potion of invisibility {unknown}
 g - a potion of curing {unknown}
 j - a potion of flight {unknown}
 l - a potion of agility {unknown}
 n - a potion of heal wounds {unknown}
Comestibles
 f - 4 rations
 h - 7 chunks of flesh


   Skills:
 + Level 3.4 Fighting
 + Level 2.3 Axes
 + Level 2.8 Armour
 + Level 3.1 Shields


You had 2 spell levels left.
You didn't know any spells.
Your spell library was empty.

Dungeon Overview and Level Annotations

Branches:
Dungeon (1/15)

Altars:


Innate Abilities, Weirdness & Mutations

You have a pair of small horns on your head.
You are partially covered in yellow scales. (AC +2)


Message History

You now have 31 gold pieces (gained 11).
A hobgoblin comes into view. It is wielding a +0 club.
The hobgoblin shouts!
Found 9 gold pieces.
A hobgoblin is nearby!
You see here 9 gold pieces.
You slash the hobgoblin!
You kill the hobgoblin!
No target in view!
No target in view!
No target in view!
No target in view!
No target in view!
No target in view!
No target in view!
No target in view!
No target in view!
No target in view!
No target in view!
Are you sure you want to abandon this character and quit the game? (Confirm with "yes".)

### ## #..
..# #.#
..## #.#
....
#.##..
#.#)# #.@#
## #.##
#.#
##.###.#
##.#.###
##..#.##
##....####
#.......+
#....####
##.#.##


There were no monsters in sight!

Vanquished Creatures
  2 dart slugs (D:1)
  3 giant cockroaches (D:1)
  5 goblins (D:1)
  2 hobgoblins (D:1)
  7 kobolds (D:1)
  3 bats (D:1)
  4 rats (D:1)
26 creatures vanquished.

Notes
Turn   | Place    | Note
-------+----------+-------------------------------------------
     0 | D:1      | galech the Demonspawn Fighter began the quest for the Orb.
     0 | D:1      | Reached XP level 1. HP: 18/18 MP: 1/1
    82 | D:1      | Gained mutation: You are partially covered in yellow
                  | scales. (AC +2) [demonic ancestry]
    82 | D:1      | Reached XP level 2. HP: 19/24 MP: 2/2
   521 | D:1      | Gained mutation: You have a pair of small horns on your
                  | head. [demonic ancestry]
   521 | D:1      | Reached XP level 3. HP: 26/29 MP: 3/3
   541 | D:1      | Quit the game

Levels and vault maps discovered:
D:1:      minmay_arrival_hallway, layout_loops_corners, minmay_misc_feat_plants,
          supply_closet_lemuel, st_stairs_11, nrook_loot_triangle,
          chequers_serial_rivers_marsh

Skill      XL: |  1  2 |
---------------+-------+-----
Shields        | 3 |  3.1
Axes           | 2 |  2.3
Fighting       | |  3.4
Armour         | |  2.8

Action                   || total
-------------------------++-------
Melee: War axe           ||    64
Armor: Scale mail        ||    29
       Chain mail        ||    12
Dodge: Dodged            ||    19
Block: Shield            ||    28

Table legend:
 A = Non-vault XP
 B = Vault XP
 C = Vault XP percentage of total XP
 D = Non-vault monster count
 E = Vault monster count
 F = Vault count percentage of total count
                 A         B        C        D         E       F
            +---------+---------+-------+---------+---------+-------
      Total |      37 |       7 |  15.9 |      22 |       4 |  15.4
            +---------+---------+-------+---------+---------+-------
        D:1 |      37 |       7 |  15.9 |      22 |       4 |  15.4
            +---------+---------+-------+---------+---------+-------
